 Dungeon Crawl Stone Soup version 0.27.1-33-g824d729ab1 (webtiles) character file.

Game seed: 3680043711267749159

154 Kassire the Cudgeller (level 5, -8/70 HPs)
             Began as a Minotaur Berserker on Dec 31, 2021.
             Was a Believer of Trog.
             Mangled by an orc (9 damage)
             ... on level 3 of the Dungeon.
             The game lasted 00:22:07 (3269 turns).

Kassire the Cudgeller (Minotaur Berserker)          Turns: 3269, Time: 00:22:08

Health: -8/70      AC:  5    Str: 23    XL:     5   Next: 13%
Magic:  4/4        EV: 11    Int:  4    God:    Trog [**....]
Gold:   214        SH:  0    Dex:  9    Spells: 4/4 levels left

rFire    . . .     SeeInvis .   a - +0 mace
rCold    . . .     Faith    .   (no shield)
rNeg     . . .     Spirit   .   n - +0 ring mail
rPois    .         Reflect  .   (helmet restricted)
rElec    .         Harm     .   (no cloak)
rCorr    +         Rampage  .   (no gloves)
Will     .....                  (no boots)
Stlth    ..........             (no amulet)
HPRegen  0.21/turn              r - ring of resist corrosion
MPRegen  0.09/turn              (no ring)

@: berserking, very quick
A: horns 2, retaliatory headbutt
a: Renounce Religion, Berserk, Trog's Hand


You were on level 3 of the Dungeon.
You worshipped Trog.
Trog was pleased with you.
You visited 1 branch of the dungeon, and saw 4 of its levels.

You collected 214 gold pieces.

Inventory:

Hand Weapons
 a - a +0 mace (weapon)
 g - a +0 hunting sling
Missiles
 o - 45 sling bullets
 w - 18 arrows
Armour
 b - a +0 animal skin
 n - a +0 ring mail (worn)
Jewellery
 r - a ring of resist corrosion (left hand)
Wands
 q - a wand of iceblast (18)
Scrolls
 c - a scroll of fear {unknown}
 e - a scroll of enchant armour {unknown}
 f - 3 scrolls of identify
 h - a scroll of silence {unknown}
 i - a scroll of noise {unknown}
 l - 2 scrolls of amnesia {unknown}
 p - a scroll of immolation {unknown}
 t - a scroll of brand weapon {unknown}
 v - a scroll of teleportation {unknown}
Potions
 d - a potion of flight
 j - a potion of might {unknown}
 k - 4 potions of magic
 m - a potion of mutation {unknown}
 s - a potion of curing
 u - a potion of heal wounds {unknown}


   Skills:
 * Level 4.8 Fighting
 * Level 5.2 Maces & Flails
 * Level 3.3 Armour
 * Level 2.8 Dodging
 - Level 0.4 Stealth
 * Level 0.4 Evocations


You had 4 spell levels left.
You didn't know any spells.
Your spell library was empty.

Dungeon Overview and Level Annotations

Branches:
Dungeon (4/15)
 Temple: D:4-7

Altars:
Okawaru


Innate Abilities, Weirdness & Mutations

You have a pair of horns on your head.
You reflexively headbutt those who attack you in melee.


Message History

The magic dart hits you!
You see here a ball python corpse.
You see here a ball python corpse.
You feel less confused.
The orc warrior hits you with a +0 scimitar!
The orc wizard mumbles some strange words.
The orc wizard flickers and vanishes!
Deactivating autopickup; reactivate with Ctrl-A.
The orc warrior hits you with a +0 scimitar!
* * * LOW HITPOINT WARNING * * *
The orc hits you but does no damage.
There is a stone staircase leading up, spattered with blood here.
The orc warrior misses you.
You climb upwards.
Reactivating autopickup.
There is a stone staircase leading down here.
A red film seems to cover your vision as you go berserk!
You feel yourself moving faster!
You feel mighty!
The orc warrior hits you with a +0 scimitar.
* * * LOW HITPOINT WARNING * * *
The orc hits you with a +0 flail.
* * * LOW HITPOINT WARNING * * *
Unknown command.
You hit the orc warrior. Your headbutt misses the orc warrior.
The orc warrior is lightly wounded.
The orc warrior barely misses you.
You closely miss the orc warrior.
The orc warrior is lightly wounded.
The orc barely misses you.
You hit the orc warrior but do no damage.
The orc warrior is lightly wounded.
The orc warrior hits you with a +0 scimitar.
* * * LOW HITPOINT WARNING * * *
The orc completely misses you.
You hit the orc warrior.
The orc warrior is moderately wounded.
The orc warrior hits you with a +0 scimitar!
* * * LOW HITPOINT WARNING * * *
The orc hits you with a +0 flail!
You die...

#.#..§..#####.....#...≈g≈.....
#...§§≈....##...#########...#.
#.#..≈..##.###...#..........#.
####...##..##..#..............
##.####....####............ #..#
#.................... #..#
#.###.....^.......... #..#
#<####.............## #..#
#..o@..............# #..#
###.#o.............## #..#
#..#................ #..#
##.#..............###
#######..####..#...###...........
..............##...# #..####..###
.........#........## #...# ##..##
................######.#.#####.#.
..........###....................


You could see an orc warrior and an orc.

Vanquished Creatures
  A water moccasin skeleton (D:4)
  A hound skeleton (D:2)
  A howler monkey skeleton (D:4)
  3 adders
  2 worms (D:2)
  A dart slug (D:2)
  4 ball pythons
  3 endoplasms
  2 giant cockroaches (D:2)
  4 goblins
  8 hobgoblins
  3 quokkas
  3 bats
  A frilled lizard (D:3)
  5 kobolds
  5 rats
47 creatures vanquished.

Notes
Turn   | Place    | Note
-------+----------+-------------------------------------------
     0 | D:1      | Kassire the Minotaur Berserker began the quest for the Orb.
     0 | D:1      | Reached XP level 1. HP: 19/19 MP: 0/0
   438 | D:1      | Reached XP level 2. HP: 22/27 MP: 1/1
   617 | D:1      | Reached skill level 4 in Maces & Flails
  1038 | D:2      | Reached XP level 3. HP: 33/34 MP: 2/2
  2002 | D:2      | Reached ** piety under Trog
  2224 | D:3      | Reached XP level 4. HP: 37/41 MP: 3/3
  2817 | D:3      | Found an iron altar of Okawaru.
  3101 | D:3      | Reached skill level 5 in Maces & Flails
  3139 | D:4      | Reached XP level 5. HP: 32/47 MP: 4/4
  3247 | D:4      | Noticed an orc warrior
  3269 | D:3      | HP: 1/70 [orc warrior (11)]
  3269 | D:3      | Mangled by an orc

Illustrated notes

Levels and vault maps discovered:
D:1:      sevenhm_arrival_forest_fort_large_2, layout_basic,
          chequers_serial_rivers_room_b, minmay_pentomino_r2
D:2:      layout_loops_ring
D:3:      layout_rooms, kennysheep_okawaru_gauntlet, minmay_liquid_box,
          nrook_campfire, ebering_dispersal_statue_hall,
          amcnicky_mini_pool_small
D:4:      layout_rooms, evilmike_ruin_ashenzari

Skill      XL: |  1  2  3  4 |
---------------+-------------+-----
Fighting       | 4 |  4.8
Maces & Flails | 4 5 |  5.2
Armour         | 3 |  3.3
Dodging        | |  2.8
Stealth        | |  0.4
Evocations     | |  0.4

Action                   |  1- 3 |  4- 6 || total
-------------------------+-------+-------++-------
Melee: Mace              |    83 |    36 ||   119
       Headbutt          |    12 |    10 ||    22
Invok: Berserk           |       |     1 ||     1
  Use: Potion            |       |     2 ||     2
       Scroll            |       |     1 ||     1
 Stab: Sleeping          |     1 |       ||     1
Armor: Animal skin       |     7 |       ||     7
       Ring mail         |     7 |    15 ||    22
Dodge: Dodged            |    57 |    32 ||    89
